 Dungeon Crawl Stone Soup version 0.29-a0-1030-gf5f8719cae (webtiles) character file.

Game seed: 4491048877368943070

79 RepoMan the Trooper (level 4, -1/49 HPs)
             Began as an Ogre Hunter on Aug 14, 2022.
             Slain by a gnoll
             ... wielding a +0 flail of venom
              (9 damage)
             ... on level 4 of the Dungeon.
             The game lasted 00:08:27 (3369 turns).

RepoMan the Trooper (Ogre Hunter)                   Turns: 3369, Time: 00:08:28

Health: -1/49      AC:  1    Str: 17    XL:     4   Next: 38%
Magic:  0/4        EV: 10    Int: 10    God:
Gold:   137        SH:  0    Dex: 12    Spells: 3/3 levels left

rFire   . . .      SeeInvis .   m - +0 hand axe
rCold   . . .      Faith    .   (no shield)
rNeg    + . .      Spirit   +   (body armour restricted)
rPois   .          Reflect  .   (helmet restricted)
rElec   .          Harm     .   (no cloak)
rCorr   .          Rampage  .   (gloves unavailable)
Will    .....                   (boots unavailable)
Stlth   +.........              c - amulet of guardian spirit
HPRegen 0.16/turn               l - ring of positive energy
MPRegen 0.09/turn               (no ring)

@: no status effects
A: large, unfitting armour, tough skin 1
a: no special abilities


You were on level 4 of the Dungeon.
You visited 1 branch of the dungeon, and saw 5 of its levels.

You collected 137 gold pieces.

Inventory:

Hand Weapons
 k - a +1 glaive
 m - a +0 hand axe (weapon)
Missiles
 b - 29 stones (quivered)
Jewellery
 c - an amulet of guardian spirit (around neck)
 l - a ring of positive energy (left hand)
Scrolls
 d - 4 scrolls of butterflies
 f - 3 scrolls of enchant weapon
Potions
 a - 3 potions of flight {unknown}
 e - 2 potions of curing {unknown}
 g - 2 potions of might {unknown}
 h - a potion of heal wounds {unknown}
 i - a potion of berserk rage {unknown}
 j - a potion of resistance {unknown}


   Skills:
 + Level 4.6 Fighting
 * Level 0.3 Axes
 + Level 2.5 Throwing
 - Level 1.7 Dodging
 - Level 0.6 Stealth
 - Level 3.6 Unarmed Combat


You had 3 spell levels left.
You didn't know any spells.
Your spell library contained the following spells:

 Spells                   Type           Power      Damage    Failure   Level
 Ignite Poison            Fire/Tmut/Pois 0%         N/A       75%         3
 Mephitic Cloud           Conj/Pois/Air  0%         N/A       75%         3
 Freezing Cloud           Conj/Ice/Air   0%         6-21      100%        5


Dungeon Overview and Level Annotations

Branches:
Dungeon (5/15)
 Temple: D:4-7

Altars:
Nemelex Xobeh
Uskayaw

Annotations:
D:1 exclusion: downstairs
D:2 Terence
D:4 exclusion: downstairs


Innate Abilities, Weirdness & Mutations

You are too large for most types of armour.
You have tough skin. (AC +1)


Message History

The gnoll shouts!
You hear a shout!
A gnoll comes into view. It is wielding a +0 flail of venom.
You throw a stone. The gnoll shouts!
The stone hits the gnoll but does no damage.
You hear a shout!
You throw a stone.
The stone hits the gnoll but does no damage.
You throw a stone. The stone closely misses the gnoll.
The stone completely misses the gnoll.
You throw a stone.
The stone hits the gnoll but does no damage.
You throw a stone.
The stone hits the gnoll but does no damage.
You hit the gnoll.
The gnoll is heavily wounded.
The gnoll hits you with a +0 club! The gnoll closely misses you.
You hit the gnoll but do no damage.
The gnoll is heavily wounded.
The gnoll hits you with a +0 club.
You hit the gnoll but do no damage.
The gnoll is heavily wounded.
The gnoll hits you with a +0 club!
You hit the gnoll.
The gnoll is severely wounded.
The gnoll hits you with a +0 club. x2
You hit the gnoll.
You kill the gnoll!
You hit the gnoll.
The gnoll is lightly wounded.
The gnoll closely misses you.
You slash the gnoll!
The gnoll is heavily wounded.
The gnoll hits you with a +0 flail of venom!
You closely miss the gnoll.
The gnoll is heavily wounded.
The gnoll hits you with a +0 flail of venom!
* * * LOW HITPOINT WARNING * * *
The gnoll hits you with a +0 flail of venom!
You die...

##......# #..##
##.......## ### ##.##
#.........# ##.###..#
#.........# #......##
#.........# ##......#
##........# #.......#
#........## #.......##
#.........## ##........#
##......##@## #.........##
#......###g###............
##....## #..#.............
##..## ##..............#
### #.............##
#............##
#............#
##...........##
#............#


You could see a gnoll.

Vanquished Creatures
  2 adders
  A gnoll (D:4)
  8 endoplasms
  2 giant cockroaches
  6 goblins
  6 hobgoblins
  3 quokkas
  4 ball pythons
  9 bats
  A frilled lizard (D:1)
  A kobold (D:2)
  3 rats
46 creatures vanquished.

Notes
Turn   | Place    | Note
-------+----------+-------------------------------------------
     0 | D:1      | RepoMan the Ogre Hunter began the quest for the Orb.
     0 | D:1      | Reached XP level 1. HP: 22/22 MP: 1/1
    99 | D:1      | Reached skill level 3 in Fighting
   213 | D:1      | Reached XP level 2. HP: 22/31 MP: 2/2
   357 | D:1      | Reached skill level 1 in Throwing
   798 | D:1      | Found a faded altar of an unknown god.
  1452 | D:1      | Reached XP level 3. HP: 39/39 MP: 3/3
  1843 | D:2      | Reached skill level 4 in Fighting
  1872 | D:2      | Noticed Terence
  1931 | D:3      | Noticed a +1 trident of freezing
  1932 | D:3      | Noticed a +1 flail of protection
  1933 | D:3      | Found a hide-covered altar of Uskayaw.
  2121 | D:3      | Found a sparkling altar of Nemelex Xobeh.
  2409 | D:3      | Reached XP level 4. HP: 43/49 MP: 4/4
  2569 | D:4      | Identified the +3 pair of gloves of Xadiadet {rElec rF++
                  | MP+9 Stlth-}
  2874 | D:5      | Entered Level 5 of the Dungeon
  2875 | D:5      | Noticed an orc warrior
  3369 | D:4      | Slain by a gnoll

Illustrated notes

Levels and vault maps discovered:
D:1:      lemuel_arrival_lava_pool, layout_basic,
          hellmonk_ecumenical_altar_heavens_door, dk_noncrumbling_2
D:2:      layout_rooms, uniq_terence
D:3:      layout_basic, dancing_weapons_uskayaw, nemelex_diamond_rough_becter
D:4:      layout_cave_pods, dreamdust_princess_bridge, dk_noncrumbling_4
D:5:      layout_loops_ring, minmay_temple_entry_proselytizer, serial_shops,
          nicolae_shop_crystal, kennysheep_mini, shop, uniq_menkaure

Skill      XL: |  1  2  3 |
---------------+----------+-----
Fighting       | 3 4 |  4.6
Throwing       | 1 2 |  2.5
Axes           | |  0.3
Dodging        | |  1.7
Stealth        | |  0.6
Unarmed Combat | |  3.6

Action                   |  1- 3 |  4- 6 || total
-------------------------+-------+-------++-------
Melee: Unarmed           |   142 |    17 ||   159
       Punch             |     5 |       ||     5
       Hand axe          |       |     8 ||     8
Throw: Stone             |     5 |    12 ||    17
  Use: Scroll            |       |     2 ||     2
Armor: Skin              |    22 |       ||    22
Dodge: Dodged            |    62 |    13 ||    75

Table legend: (Time is in decaauts)
 A = Elapsed time spent in this place.
 B = Non-inter-level travel time spent in this place.
 C = Inter-level travel time spent in this place.
 D = Time resting spent in this place.
 E = Time spent auto-exploring this place.
 F = Levels seen in this place.
 G = Mean time per level.
                   A        B        C        D        E       F      G
               +--------+--------+--------+--------+--------+-----+--------+
         Total |   3362 |   3269 |     93 |    909 |   1654 |   5 |  672.4 |
       Dungeon |   3362 |   3269 |     93 |    909 |   1654 |   5 |  672.4 |
               +--------+--------+--------+--------+--------+-----+--------+

Top non-repeatable levels by time:
     D:1: 1550 daAuts
     D:3: 854 daAuts
     D:4: 580 daAuts
     D:2: 370 daAuts
     D:5: 6 daAuts
